 Dungeon Sprint DCSS version 0.20.1-1-g8b1a95d (webtiles) character file.

423 potatolord6000 the Thaumaturge (level 6, -16/32 HPs)
             Began as a Deep Elf Summoner on Aug 29, 2017.
             Was a Priest of Sif Muna.
             Demolished by a freezing wraith (23 damage)
             ... in the Dungeon (Sprint VII: "The Pits").
             The game lasted 00:05:55 (670 turns).

potatolord6000 the Thaumaturge (Deep Elf Summoner)   Turns: 670, Time: 00:05:55

Health: -16/32     AC:  2    Str:  5    XL:     6   Next: 63%
Magic:  4/20       EV: 18    Int: 22    God:    Sif Muna [***...]
Gold:   0          SH:  0    Dex: 15    Spells: 8/23 levels left

rFire    . . .     SeeInvis .   q - +2 dagger (drain)
rCold    . . .     Gourm    .   (no shield)
rNeg     . . .     Faith    .   a - +0 robe
rPois    .         Spirit   .   (no helmet)
rElec    .         Reflect  .   (no cloak)
rCorr    .         Harm     .   (no gloves)
MR       .....     NoTele   +   (no boots)
Stlth    ++++......             (no amulet)
Regen    0.1/turn               (no ring)
MPRegen  0.2/turn               (no ring)

@: very slightly contaminated, invisible
A: no striking features
a: Divine Energy, Channel Magic, Renounce Religion


You were in the Dungeon.
You worshipped Sif Muna.
Sif Muna was most pleased with you.
You were not hungry.

You visited 1 branch

Inventory:

Hand Weapons
 q - a +2 dagger of draining (weapon)
Armour
 a - a +0 robe (worn)
Scrolls
 i - a scroll of blinking
 l - 3 scrolls of remove curse
 m - 5 scrolls of amnesia
 n - a scroll of summoning
Potions
 d - 6 potions of curing
 e - 5 potions of heal wounds
 f - a potion of haste
 g - 4 potions of magic
 h - 3 potions of berserk rage
 k - a potion of invisibility
Books
 b - a book of Callings

   Spells                             Type                      Level
   a - Summon Small Mammal            Summoning                    1
   b - Call Imp                       Summoning                    2
   c - Call Canine Familiar           Summoning                    3
   d - Summon Guardian Golem          Hexes/Summoning              3
   e - Summon Lightning Spire         Summoning/Air                4
   f - Summon Ice Beast               Ice/Summoning                4
Comestibles
 c - 8 bread rations
 o - 40 fruits
 p - 7 meat rations


   Skills:
 + Level 8.6 Dodging
 + Level 9.3 Stealth
 + Level 9.4 Spellcasting
 + Level 8.7 Summonings
 + Level 4.3 Invocations


You had 8 spell levels left.
You knew the following spells:

 Your Spells              Type           Power        Failure   Level  Hunger
a - Summon Small Mammal   Summ           ####         1%          1    None
b - Call Canine Familiar  Summ           #####...     1%          3    None
c - Summon Guardian Gole  Hex/Summ       ####....     3%          3    None
d - Summon Ice Beast      Ice/Summ       ####....     11%         4    ##.....
e - Summon Lightning Spi  Summ/Air       ####....     11%         4    ##.....


Dungeon Overview and Level Annotations

Branches:
Dungeon (1/1)

Altars:
Ashenzari
Cheibriados
Dithmenos
Elyvilon
Fedhas
Gozag
Hepliaklqana
Kikubaaqudgha
Makhleb
Nemelex Xobeh
Okawaru
Qazlal
Ru
Sif Muna
Trog
Uskayaw
Vehumet
Xom
Yredelemnul
Zin
The Shining One
Beogh
Jiyva
Lugonu


Message History

Something barely misses your ice beast.
Something hits your ice beast but does no damage.
Something hits your ice beast. Something freezes your ice beast.
Your ice beast completely resists.
Something hits your ice beast!
Something drains your ice beast's vigour!
Your ice beast seems to slow down.
Your ice beast disappears in a puff of smoke!
You fade into invisibility!
The freezing wraith misses you. The freezing wraith hits you!
You are very lightly contaminated with residual magic.
Casting: Summon Lightning Spire
Confirm with . or Enter, or press ? or * to list all spells.
A guardian golem appears, shielding your allies.
The freezing wraith hits you!
Ouch! That really hurt!
* * * LOW HITPOINT WARNING * * *
The freezing wraith freezes you!!
Ouch! That really hurt!
You die...

#.##'#.....##...<...#
#.#........##.......#
#(#........##.......#
#(###########.......#
#.......# #########
#†)†....# #...#...#
#..###..#+#
#...#.@.#W+
#......W#'#
#.......88#
###########


You could see a freezing wraith, a friendly guardian golem and a friendly
lightning spire.

Vanquished Creatures
  2 floating eyes (D)
  2 bats (D)
  A bat zombie (D)
  A ball python (D)
6 creatures vanquished.

Vanquished Creatures (collateral kills)
  A hungry ghost (D)
  A floating eye (D)
  A centaur (D)
  A scorpion (D)
  2 worker ants (D)
  An adder (D)
  2 ufetubi (D)
  A rat (D)
10 creatures vanquished.

Grand Total: 16 creatures vanquished

Notes
Turn   | Place    | Note
-------+----------+-------------------------------------------
     0 | D        | potatolord6000 the Deep Elf Summoner began the quest for the Orb.
     0 | D        | Reached XP level 1. HP: 10/10 MP: 6/6
    15 | D        | Noticed a floating eye
    16 | D        | Paralysed by a floating eye for 3 turns
    30 | D        | Paralysed by a floating eye for 4 turns
    43 | D        | Paralysed by a floating eye for 2 turns
    54 | D        | Paralysed by a floating eye for 4 turns
    54 | D        | Killed a floating eye
    54 | D        | Reached skill level 5 in Dodging
    54 | D        | Reached skill level 5 in Stealth
    54 | D        | Reached skill level 5 in Spellcasting
    54 | D        | Reached skill level 5 in Summonings
    54 | D        | Reached XP level 2. HP: 15/15 MP: 2/10
    54 | D        | Reached XP level 3. HP: 19/19 MP: 2/12
    62 | D        | Learned a level 3 spell: Call Canine Familiar
    66 | D        | Learned a level 3 spell: Summon Guardian Golem
    99 | D        | Found a bloodstained altar of Trog.
    99 | D        | Found a deep blue altar of Sif Muna.
    99 | D        | Found a viscous altar of Jiyva.
    99 | D        | Found a hazy altar of Hepliaklqana.
    99 | D        | Found an opulent altar of Gozag.
   100 | D        | Found a glowing golden altar of the Shining One.
   100 | D        | Found a glowing silver altar of Zin.
   100 | D        | Found a basalt altar of Yredelemnul.
   100 | D        | Found a shimmering altar of Xom.
   100 | D        | Found a sacrificial altar of Ru.
   100 | D        | Found a stormy altar of Qazlal.
   100 | D        | Found an iron altar of Okawaru.
   100 | D        | Found a sparkling altar of Nemelex Xobeh.
   100 | D        | Found a burning altar of Makhleb.
   100 | D        | Found a blossoming altar of Fedhas.
   100 | D        | Found a white marble altar of Elyvilon.
   100 | D        | Found a shadowy altar of Dithmenos.
   100 | D        | Found a snail-covered altar of Cheibriados.
   104 | D        | Found a roughly hewn altar of Beogh.
   104 | D        | Found a corrupted altar of Lugonu.
   104 | D        | Found a radiant altar of Vehumet.
   105 | D        | Found a shattered altar of Ashenzari.
   105 | D        | Found an ancient bone altar of Kikubaaqudgha.
   105 | D        | Found a hide-covered altar of Uskayaw.
   107 | D        | Became a worshipper of Sif Muna the Loreminder
   279 | D        | Noticed a floating eye
   293 | D        | Reached XP level 4. HP: 24/24 MP: 4/13
   302 | D        | Reached * piety under Sif Muna
   310 | D        | Killed a floating eye
   310 | D        | Reached XP level 5. HP: 28/28 MP: 6/17
   322 | D        | Learned a level 4 spell: Summon Ice Beast
   327 | D        | Learned a level 4 spell: Summon Lightning Spire
   383 | D        | Noticed a hungry ghost
   429 | D        | Killed a hungry ghost
   429 | D        | Reached ** piety under Sif Muna
   434 | D        | Noticed a floating eye
   434 | D        | Noticed a centaur
   445 | D        | Paralysed by a floating eye for 3 turns
   445 | D        | Killed a centaur
   445 | D        | Reached XP level 6. HP: 30/32 MP: 4/19
   451 | D        | Paralysed by a floating eye for 3 turns
   457 | D        | Paralysed by a floating eye for 4 turns
   462 | D        | Paralysed by a floating eye for 3 turns
   465 | D        | Killed a floating eye
   642 | D        | Reached *** piety under Sif Muna
   645 | D        | Noticed a freezing wraith
   670 | D        | Demolished by a freezing wraith

Skill      XL: |  1  2  3  4  5  6 |
---------------+-------------------+-----
Dodging        | 5 7 8 |  8.6
Stealth        | 5 7 8 9 |  9.3
Spellcasting   | 5 7 8 9 |  9.4
Summonings     | 5 6 7 8 |  8.7
Invocations    | 3 4 |  4.3

Action                   |  1- 3 |  4- 6 || total
-------------------------+-------+-------++-------
Melee: Unarmed           |     3 |       ||     3
       Dagger            |     5 |     7 ||    12
 Cast: Summon Small Mamm |    14 |       ||    14
       Summon Guardian G |     2 |     5 ||     7
       Call Canine Famil |     2 |       ||     2
       Summon Ice Beast  |       |     7 ||     7
       Summon Lightning  |       |     1 ||     1
  Use: Potion            |       |     2 ||     2
 Stab: Sleeping          |     3 |     2 ||     5
Armor: Robe              |       |     2 ||     2
Dodge: Dodged            |    10 |     7 ||    17
